Map: Alcyone LE

Players

ShaDoWn - Winner!

  • Race: Protoss Protoss
  • Spawn Location: 1:00

Rogue

  • Race: Zerg Zerg
  • Spawn Location: 7:00

Event: ESL Spring 2024 Finals

VOD

Have the link to the VOD?

Description

Time

  • Played on: May 31, 2024, 12:29 p.m.
  • Length: 13:50

All games in this series

Show
View Real Time Build Order
Export as new Build Order

ShaDoWn Protoss - Winner!

Build Orders: 1 Gate Expand 

Get SALT Encoding   

  12  0:00  Probe  
  13  0:13  Pylon  
  13  0:17  Probe (Chrono Boost)  
  14  0:27  Probe (Chrono Boost)  
  15  0:32  Probe (Chrono Boost)  
  16  0:39  Gateway  
  16  0:43  Probe  
  16  0:48  Assimilator  
  17  0:55  Probe  
  18  1:07  Probe  
  19  1:20  Probe  
  19  1:25  Nexus  
  20  1:35  Cybernetics Core  
  20  1:37  Probe  
  21  1:43  Assimilator  
  21  1:49  Probe  
  21  1:52  Pylon  
  22  2:01  Probe  
  22  2:08  Adept (Chrono Boost)  
  23  2:13  Probe (Chrono Boost)  
  26  2:16  Twilight Council  
  26  2:25  Probe (Chrono Boost)  
  26  2:28  Warp Gate  
  27  2:30  Probe (Chrono Boost)  
  27  2:32  Adept  
  30  2:38  Probe (Chrono Boost)  
  32  2:46  Probe (Chrono Boost)  
  32  2:47  Probe (Chrono Boost)  
  33  2:52  Gateway, Probe (Chrono Boost)  
  33  2:53  Resonating Glaives (Chrono Boost), Probe  
  35  3:04  Probe  
  35  3:05  Probe  
  37  3:07  Gateway  
  37  3:11  Adept  
  39  3:16  Probe  
  39  3:17  Probe  
  41  3:22  Pylon  
  41  3:28  Probe  
  41  3:29  Probe  
  43  3:38  Adept (Chrono Boost)  
  43  3:40  Probe  
  46  3:45  Nexus  
  46  3:46  Probe  
  47  3:49  Pylon  
  47  3:52  Probe  
  47  3:53  Assimilator  
  48  3:58  Probe  
  49  4:04  Probe  
  50  4:10  Probe  
  50  4:13  Pylon  
  50  4:16  Adept x3, Probe  
  58  4:21  Robotics Facility  
  58  4:23  Probe  
  59  4:26  Assimilator  
  59  4:29  Probe  
  60  4:35  Probe  
  61  4:41  Probe  
  61  4:45  Stalker  
  64  4:46  Adept x2  
  64  4:47  Probe  
  57  4:53  Forge, Probe  
  57  4:57  Probe  
  57  4:59  Probe  
  58  5:05  Probe  
  58  5:06  Shield Battery  
  58  5:07  Adept x2  
  61  5:08  Adept  
  61  5:09  Observer (Chrono Boost), Probe  
  61  5:11  Probe  
  68  5:19  Probe  
  68  5:20  Immortal (Chrono Boost)  
  69  5:23  Probe  
  69  5:25  Protoss Ground Weapons Level 1  
  69  5:26  Pylon  
  75  5:29  Adept x3  
  75  5:33  Pylon  
  81  5:43  Photon Cannon  
  81  5:44  Shield Battery  
  80  5:50  Shield Battery, Sentry  
  80  5:51  Stalker, Sentry  
  80  5:54  Immortal (Chrono Boost)  
  80  5:56  Shield Battery  
  90  6:02  Shield Battery  
  90  6:05  Photon Cannon  
  84  6:14  Adept x3  
  86  6:19  Immortal (Chrono Boost)  
  86  6:21  Probe  
  91  6:34  Stalker, Adept  
  91  6:35  Adept  
  91  6:38  Gateway  
  91  6:39  Gateway  
  86  6:44  Probe  
  80  6:47  Immortal (Chrono Boost)  
  80  6:52  Probe x2  
  86  7:00  Stalker x3  
  86  7:01  Probe  
  88  7:04  Probe  
  88  7:05  Gateway  
  88  7:07  Pylon  
  78  7:18  Pylon  
  74  7:23  Gateway, Protoss Ground Weapons Level 2 (Chrono Boost)  
  74  7:24  Adept x3  
  74  7:25  Probe  
  74  7:27  Probe  
  74  7:28  Probe  
  83  7:31  Assimilator  
  83  7:33  Warp Prism  
  83  7:35  Assimilator, Adept x2  
  89  7:37  Probe  
  89  7:40  Probe  
  89  7:41  Probe  
  92  7:50  Probe  
  93  7:52  Nexus  
  93  8:02  Pylon  
  93  8:06  Probe  
  93  8:07  Probe  
  93  8:08  Pylon  
  93  8:09  Observer (Chrono Boost)  
  96  8:21  Probe x2  
  96  8:23  Shield Battery  
  96  8:24  Immortal (Chrono Boost)  
  96  8:25  Adept x2, Photon Cannon  
  106  8:29  Probe, Photon Cannon  
  106  8:30  Templar Archives  
  106  8:31  Shield Battery  
  107  8:34  Photon Cannon  
  107  8:37  Probe  
  107  8:39  Probe  
  109  8:46  Probe, Photon Cannon  
  110  8:49  Photon Cannon, Psionic Storm  
  110  8:50  Probe  
  111  8:56  Immortal (Chrono Boost)  
  111  9:02  Probe  
  116  9:03  Assimilator  
  116  9:05  Assimilator  
  116  9:09  Probe  
  117  9:10  High Templar x4  
  117  9:11  High Templar  
  127  9:26  Probe, Immortal (Chrono Boost)  
  127  9:29  Protoss Ground Weapons Level 3 (Chrono Boost), Probe, Photon Cannon  
  127  9:30  Shield Battery  
  129  9:33  Photon Cannon  
  133  9:42  Gateway  
  133  9:44  High Templar x2  
  137  9:46  Gateway  
  137  9:48  Archon  
  137  9:49  Gateway  
  137  9:50  Gateway x2  
  136  9:59  Photon Cannon, Immortal  
  140  10:00  Pylon  
  140  10:04  High Templar x2  
  144  10:07  Pylon  
  144  10:08  Pylon  
  144  10:11  Archon, Pylon  
  144  10:14  Pylon  
  142  10:25  High Templar  
  142  10:26  High Templar  
  142  10:27  Zealot x2  
  148  10:29  Pylon  
  148  10:33  Archon  
  148  10:35  Immortal (Chrono Boost)  
  142  10:39  High Templar  
  142  10:40  High Templar  
  150  10:46  Nexus, Adept x2  
  150  10:47  Pylon  
  150  10:49  Blink (Chrono Boost)  
  152  10:59  Pylon  
  152  11:01  Gateway  
  152  11:07  Archon  
  152  11:11  Shield Battery, High Templar x2  
  156  11:13  Photon Cannon  
  156  11:14  Pylon  
  156  11:15  Photon Cannon  
  156  11:20  High Templar  
  156  11:21  Stalker, High Templar  
  156  11:22  Stalker x2  
  166  11:27  Archon  
  166  11:34  Assimilator  
  166  11:35  Stalker x4  
  174  11:41  Gateway  
  174  11:50  Adept x5  
  182  12:12  Observer (Chrono Boost), Probe  
  176  12:16  High Templar x4  
  176  12:18  Stalker x4  
  176  12:20  Warp Prism (Chrono Boost), Archon x2  
  182  12:31  Stalker x4  
  189  12:41  Adept x3  
  189  12:42  Stalker x4  
  189  12:43  Stalker  
  195  12:51  Archon, Immortal (Chrono Boost)  
  166  12:54  Stalker x5  
  166  12:55  Stalker  
  170  12:59  Stalker x2  
  170  13:00  Probe x2  
  174  13:09  Zealot, Stalker x3  
  174  13:10  Stalker  
  174  13:12  Probe x2  
  186  13:19  Stalker x5  
  196  13:24  Stalker x2  
  190  13:39  Stalker x5  
  186  13:47  Stalker x3, Archon  
Show
View Real Time Build Order
Export as new Build Order

Rogue Zerg 

Build Orders: Hatch First 

Get SALT Encoding   

  12  0:00  Drone  
  13  0:11  Overlord  
  13  0:16  Drone  
  14  0:30  Drone x2  
  16  0:40  Drone  
  17  0:50  Hatchery  
  17  0:54  Drone  
  17  0:56  Drone  
  18  1:10  Extractor  
  17  1:13  Spawning Pool  
  17  1:16  Drone  
  17  1:19  Drone  
  18  1:27  Drone  
  19  1:38  Drone  
  20  1:49  Overlord  
  20  2:00  Queen  
  22  2:02  Queen  
  22  2:03  Zergling x4  
  26  2:10  Drone  
  26  2:12  Metabolic Boost  
  26  2:13  Drone  
  28  2:24  Drone x2  
  30  2:32  Drone  
  30  2:35  Drone  
  32  2:42  Zergling x2  
  33  2:46  Hatchery  
  33  2:49  Queen  
  34  2:53  Overlord  
  34  2:56  Drone  
  34  2:58  Drone  
  35  3:04  Overlord  
  35  3:10  Queen  
  37  3:13  Drone  
  37  3:14  Drone x2  
  37  3:16  Drone  
  37  3:18  Drone  
  42  3:20  Drone  
  42  3:27  Queen  
  43  3:30  Drone x2  
  43  3:32  Drone  
  48  3:36  Spore Crawler  
  48  3:40  Drone x2  
  49  3:44  Drone x2  
  49  3:48  Overlord  
  51  3:52  Overlord  
  51  4:00  Extractor  
  50  4:03  Roach Warren  
  50  4:06  Zergling x12  
  50  4:07  Zergling x2  
  56  4:14  Zergling x4  
  56  4:16  Queen  
  60  4:19  Zergling x2  
  61  4:25  Drone x2  
  64  4:31  Zergling x8  
  64  4:32  Zergling x2  
  64  4:37  Overlord  
  62  4:48  Zergling x10  
  62  4:52  Drone  
  62  4:53  Drone  
  62  4:55  Roach x2  
  71  5:00  Roach x4  
  71  5:06  Overlord  
  75  5:09  Zergling x2  
  76  5:17  Zergling x2, Ravager x2  
  76  5:20  Ravager x2  
  78  5:21  Overlord  
  78  5:23  Overlord  
  78  5:24  Zergling x2  
  78  5:28  Zergling x10  
  84  5:34  Overlord  
  84  5:38  Zergling x2  
  84  5:39  Ravager  
  84  5:40  Overlord  
  84  5:41  Zergling x2  
  87  5:44  Overlord  
  87  5:45  Zergling x2  
  87  5:47  Ravager  
  87  5:49  Zergling x2  
  90  5:50  Zergling x2  
  90  5:51  Zergling x2  
  92  5:58  Zergling x4  
  92  6:01  Zergling x4  
  92  6:02  Zergling x4  
  96  6:05  Zergling x2  
  96  6:10  Zergling x2  
  94  6:11  Zergling x2  
  94  6:12  Zergling x2  
  94  6:16  Lair  
  90  6:20  Zergling x2  
  90  6:21  Zergling x4  
  90  6:24  Zergling x6  
  95  6:26  Zergling x2  
  95  6:29  Zergling x2  
  95  6:32  Zergling x2  
  92  6:34  Zergling x2  
  92  6:35  Zergling x2  
  92  6:36  Zergling x2  
  92  6:38  Zergling x2  
  84  6:41  Zergling x4  
  77  6:48  Drone x4  
  77  6:50  Drone  
  77  6:51  Drone  
  83  6:55  Zergling x2  
  83  6:57  Zergling x4  
  83  7:00  Drone x2  
  80  7:02  Drone  
  80  7:05  Drone  
  79  7:08  Drone  
  79  7:10  Drone x3  
  79  7:15  Drone  
  79  7:17  Drone  
  79  7:18  Drone  
  79  7:20  Drone  
  76  7:24  Drone  
  76  7:25  Drone  
  76  7:27  Drone x2  
  76  7:28  Drone  
  76  7:29  Drone  
  82  7:31  Glial Reconstitution  
  82  7:32  Evolution Chamber  
  82  7:33  Drone, Extractor  
  82  7:34  Extractor  
  82  7:36  Drone x3  
  83  7:41  Drone x2  
  85  7:45  Extractor, Roach x3  
  85  7:47  Roach  
  85  7:48  Overseer  
  85  7:50  Roach  
  94  7:53  Roach x2  
  94  7:56  Drone  
  94  7:58  Zerg Melee Weapons Level 1  
  99  7:59  Drone x2  
  101  8:11  Hatchery, Ravager  
  101  8:13  Roach x4  
  101  8:18  Overseer  
  110  8:20  Drone  
  110  8:22  Baneling Nest, Roach x2  
  110  8:23  Overlord  
  113  8:30  Drone  
  113  8:31  Drone x6  
  119  8:35  Extractor  
  119  8:38  Overlord  
  119  8:39  Roach  
  120  8:42  Overlord  
  120  8:46  Evolution Chamber  
  120  8:47  Roach x2  
  120  8:48  Roach  
  125  8:50  Roach  
  125  8:51  Roach  
  125  8:54  Overlord  
  127  9:05  Roach x4  
  127  9:06  Roach x3  
  127  9:08  Drone x2  
  143  9:17  Centrifugal Hooks, Zerg Missile Weapons Level 1  
  143  9:26  Zergling x2  
  143  9:27  Zergling x20  
  154  9:33  Zergling x2  
  154  9:37  Ravager x2  
  154  9:38  Ravager x2  
  159  9:39  Overlord  
  159  9:41  Overseer  
  159  9:45  Zergling x2  
  160  9:46  Overlord x4  
  160  9:47  Overlord  
  160  9:51  Infestation Pit  
  159  10:02  Hatchery  
  159  10:03  Zergling x2  
  159  10:04  Zergling x16  
  159  10:06  Zergling x2  
  169  10:14  Zergling x14  
  169  10:18  Zergling x2  
  169  10:19  Zergling x10  
  169  10:20  Overlord  
  180  10:23  Pneumatized Carapace  
  177  10:31  Zerg Melee Weapons Level 2  
  177  10:35  Drone x4  
  180  10:36  Drone  
  182  10:43  Baneling x2  
  182  10:44  Baneling x20  
  182  10:53  Hive  
  182  10:54  Hydralisk Den  
  182  10:56  Baneling  
  182  10:57  Baneling x10  
  181  10:58  Baneling  
  181  11:02  Zergling x2  
  181  11:03  Zergling x8  
  186  11:04  Drone  
  186  11:05  Drone, Overseer  
  188  11:13  Baneling  
  188  11:14  Baneling x14, Spore Crawler  
  188  11:15  Baneling  
  188  11:18  Zergling x6  
  190  11:28  Zergling x2  
  190  11:31  Baneling x2  
  191  11:32  Extractor  
  191  11:33  Extractor  
  191  11:35  Lurker Den  
  191  11:36  Grooved Spines  
  191  11:39  Zergling x6  
  191  11:40  Zergling x2  
  191  11:45  Overlord  
  191  11:46  Zergling x14  
  198  11:55  Zergling x2  
  199  12:07  Zergling x2, Adrenal Glands  
  195  12:26  Spine Crawler, Spore Crawler, Muscular Augments  
  195  12:28  Spine Crawler  
  192  12:31  Zergling x12  
  192  12:32  Hatchery, Zergling x6  
  196  12:42  Zergling x2  
  196  12:43  Zergling x4  
  195  12:46  Zergling x2  
  195  12:48  Hydralisk x10  
  177  12:54  Zergling x26  
  177  12:57  Ravager x2  
  179  13:00  Zergling x4  
  176  13:06  Baneling x10  
  176  13:07  Baneling x2  
  176  13:10  Zergling x2  
  176  13:11  Zergling x8  
  178  13:14  Ravager x3  
  178  13:15  Zergling x6  
  178  13:17  Zergling x2  
  178  13:18  Baneling  
  178  13:19  Baneling x2  
  179  13:25  Zergling x2  
  177  13:32  Zergling x2  
Tags
 
Add a new tag
Caveats
  • Supply blocks, unpowered buildings, or Contaminate may cause inaccurate times.
  • Supply counts are checked every 10 seconds.